 Dungeon Crawl Stone Soup version 0.21.1-1-g345015f (webtiles) character file.

25 prawnwizard the Insei (level 3, -14/23 HPs)
             Began as an Octopode Transmuter on July 22, 2018.
             Demolished by a goblin
             ... wielding a +1 dagger of electrocution
              (18 damage)
             ... on level 1 of the Dungeon.
             The game lasted 00:01:07 (542 turns).

prawnwizard the Insei (Octopode Transmuter)          Turns: 542, Time: 00:01:07

Health: -14/23     AC:  1    Str:  9    XL:     3   Next: 6%
Magic:  6/6        EV: 13    Int: 15    God:
Gold:   43         SH:  0    Dex: 13    Spells: 5/6 levels left

rFire    . . .     SeeInvis .     - Unarmed
rCold    . . .     Gourm    .   (no shield)
rNeg     . . .     Faith    .   (helmet restricted)
rPois    .         Spirit   .   (no amulet)
rElec    .         Reflect  .   (no ring)
rCorr    .         Harm     .   (no ring)
MR       .....                  (no ring)
Stlth    ++........             (no ring)
HPRegen  0.07/turn              (no ring)
MPRegen  0.10/turn              (no ring)
                                (no ring)
                                (no ring)

@: no status effects
A: almost no armour, stealthy swim, amphibious, 8 rings, constrict 8, camouflage
1, gelatinous body 1
a: no special abilities


You were on level 1 of the Dungeon.
You were not hungry.

You visited 1 branch of the dungeon, and saw 1 of its levels.

You collected 43 gold pieces.

Inventory:

Missiles
 a - 12 arrows
Jewellery
 l - an uncursed ring of ice {unknown}
Scrolls
 d - a scroll of teleportation {unknown}
 g - a scroll of amnesia {unknown}
 i - a scroll of enchant armour {unknown}
 j - 2 scrolls of identify {unknown}
 k - a scroll of blinking {unknown}
Potions
 e - a potion of degeneration {unknown}
 h - a potion of heal wounds {unknown}
Books
 b - a book of Changes

   Spells                             Type                      Level
   a - Beastly Appendage              Transmutation                1
   b - Sticks to Snakes               Transmutation                2
   c - Spider Form                    Transmutation/Poison         3
   d - Ice Form                       Ice/Transmutation            4
   e - Blade Hands                    Transmutation                5
Comestibles
 c - a ration
 f - a chunk of flesh


   Skills:
 - Level 1.0 Fighting
 + Level 2.3 Dodging
 * Level 3.4 Unarmed Combat
 + Level 2.2 Spellcasting
 + Level 2.3 Transmutations


You had 5 spell levels left.
You knew the following spells:

 Your Spells              Type           Power        Failure   Level  Hunger
a - Beastly Appendage     Tmut           #.....       9%          1    #......


Dungeon Overview and Level Annotations

Branches:
Dungeon (1/15)

Altars:


Innate Abilities, Weirdness & Mutations

You cannot wear most types of armour.
You are very stealthy in the water. (Stealth+)
You are amphibious.
You can wear up to eight rings at the same time.
You can use your tentacles to constrict eight enemies at once.
Your skin changes colour to match your surroundings (Stealth+).
Your rubbery body absorbs attacks. (AC +1, EV +1)


Message History

You closely miss the goblin.
The leopard gecko hisses angrily.
The goblin shouts!
Your grab misses the goblin.
The goblin hits you with a dagger of electrocution.
You closely miss the goblin. Your grab misses the goblin.
The goblin hits you with a dagger of electrocution.
You are electrocuted!
Ouch! That really hurt!
* * * LOW HITPOINT WARNING * * *
You barely miss the rat. Your grab misses the rat. The rat barely misses you.
You barely miss the rat. You grab the rat. You constrict the rat.
The rat closely misses you.
You tentacle-slap the rat.
The rat is severely wounded.
You constrict the rat.
You kill the rat!
You barely miss the goblin. You grab the goblin. You constrict the goblin.
The goblin hits you but does no damage.
You are electrocuted!
Ouch! That really hurt!
You die...

#.##########.###
###.###### #...#
..#.#....# ###.# #
#.#.#.##.# #.# #.
#.#.#.##.# #.#
.##..##.#.#.##.#######)#
........................
####..#.#.#.#####.####.#
##.#@#.#.# #.# #.# #
#g#.#.#####.####.#
....g.gl#.#.........##.#
....l.....#######.#.##.#
........### #.#.##.#
.......## #.#.##.#
....... #.#.# # .......
#.#.# ....... #.#.#


You could see a leopard gecko and 2 goblins.

Vanquished Creatures
  A gnoll (D:1)
  An ooze (D:1)
  A leopard gecko (D:1)
  4 bats (D:1)
  2 giant cockroaches (D:1)
  2 frilled lizards (D:1)
  A kobold (D:1)
  A rat (D:1)
13 creatures vanquished.

Notes
Turn   | Place    | Note
-------+----------+-------------------------------------------
     0 | D:1      | prawnwizard the Octopode Transmuter began the quest for the Orb.
     0 | D:1      | Reached XP level 1. HP: 13/13 MP: 3/3
   219 | D:1      | Reached XP level 2. HP: 17/18 MP: 5/5
   392 | D:1      | Reached XP level 3. HP: 13/23 MP: 6/6
   542 | D:1      | Demolished by a goblin

Action                   || total
-------------------------++-------
Melee: Unarmed           ||    42
       Constrict         ||     7
       Tentacles         ||     5
 Stab: Sleeping          ||     5
Armor: Skin              ||     8
Dodge: Dodged            ||    29
